 Seeded DCSS version 0.31-a0-198-g2ad674f65e (webtiles) character file.

Game seed: 159121091862449092 (custom seed)

9863 rabbitsville the Fighter (level 11, -3/104 HPs)
             Began as a Hill Orc Fighter on June 25, 2023.
             Was an Elder of Makhleb.
             Slain by a troll (8 damage)
             ... on level 10 of the Dungeon.
             The game lasted 00:23:32 (10132 turns).

rabbitsville the Fighter (Hill Orc Fighter)        Turns: 10132, Time: 00:23:33

Health: -3/104     AC: 14    Str: 30    XL:     11   Next: 53%
Magic:  28/28      EV:  9    Int: 14    God:    Makhleb [****..]
Gold:   556        SH: 10    Dex: 13    Spells: 10/10 levels left

rFire   . . .        B - +9 morningstar "Ilusyloh" {spect, Contam rElec rPois}
rCold   . . .        F - +0 kite shield
rNeg    . . .        b - +0 scale mail
rPois   +            h - +0 helmet of the Rose {MP+9 Dex+3 Slay+3}
rElec   +            P - +2 cloak
rCorr   .            k - +0 pair of gloves
SInv    .            L - +1 pair of boots {Stlth+}
Will    .....        (no amulet)
Stlth   +            q - +6 ring of intelligence
HPRegen 0.37/turn    J - +6 ring of strength
MPRegen 0.21/turn

%: no passive effects
@: no status effects
A: no striking features
a: Renounce Religion, Minor Destruction, Lesser Servant of Makhleb, Major
Destruction


You were on level 10 of the Dungeon.
You worshipped Makhleb.
Makhleb was greatly pleased with you.
You visited 1 branch of the dungeon, and saw 10 of its levels.
You also visited: Sewer.

You collected 556 gold pieces.

Inventory:

Hand Weapons
 a - a +0 flail
 B - the +9 morningstar "Ilusyloh" (weapon) {spect, Contam rElec rPois}
   (You found it on level 6 of the Dungeon)

   rElec:     It insulates you from electricity.
   rPois:     It protects you from poison.
   Contam:    It causes magical contamination when unequipped.
Missiles
 f - 51 poisoned darts
 p - 3 curare-tipped darts
 v - 2 javelins (quivered)
 x - 4 boomerangs
 K - a throwing net
 O - 3 boomerangs of dispersal
Armour
 b - a +0 scale mail (worn)
 c - a +0 buckler
 h - the +0 helmet of the Rose (worn) {MP+9 Dex+3 Slay+3}
   (You found it on level 5 of the Dungeon)

   Dex:       It affects your dexterity (+3).
   Slay:      It affects your accuracy & damage with ranged weapons and melee
   (+3).
   MP:        It affects your magic capacity (+9).
 k - a +0 pair of gloves (worn)
 m - a +0 helmet
 F - a +0 kite shield (worn)
 L - a +1 pair of boots of stealth (worn)
 P - a +2 cloak (worn)
Jewellery
 q - a +6 ring of intelligence (left hand)
 H - a ring of poison resistance
 J - a +6 ring of strength (right hand)
Wands
 y - a wand of roots (21)
 D - a wand of flame (17)
 G - a wand of paralysis (14)
Scrolls
 j - 3 scrolls of amnesia {unknown}
 l - 3 scrolls of enchant armour {unknown}
 n - 3 scrolls of poison {unknown}
 o - a scroll of fear {unknown}
 u - 2 scrolls of noise {unknown}
 w - a scroll of enchant weapon {unknown}
 E - 4 scrolls of identify
 N - a scroll of torment {unknown}
Potions
 d - a potion of might
 e - 4 potions of mutation {unknown}
 g - 2 potions of degeneration
 i - 6 potions of attraction
 r - 2 potions of magic {unknown}
 s - 2 potions of haste
 t - 4 potions of invisibility {unknown}
 z - 3 potions of enlightenment {unknown}
 A - 3 potions of curing
 C - a potion of lignification {unknown}
 I - 2 potions of ambrosia {unknown}
 M - a potion of brilliance {unknown}


   Skills:
 + Level 12.1 Fighting
 + Level 10.7 Maces & Flails
 - Level 3.2 Armour
 - Level 8.3 Shields
 + Level 11.9 Invocations


You had 10 spell levels left.
You didn't know any spells.
Your spell library contained the following spells:

 Spells                   Type           Power      Damage    Failure   Level
 Summon Small Mammal      Summ           0%         N/A       69%         1
 Call Canine Familiar     Summ           0%         N/A       96%         3
 Summon Guardian Golem    Hex/Summ       0%         N/A       96%         3
 Vhi's Electric Charge    Tloc/Air       0%         N/A       96%         3
 Manifold Assault         Tloc           0%         N/A       100%        4
 Arcjolt                  Conj/Air       0%         1d10      100%        5
 Dispersal                Tloc           0%         N/A       100%        6
 Plasma Beam              Fire/Air       0%         2x1d10    100%        6
 Disjunction              Tloc           0%         N/A       100%        8


Dungeon Overview and Level Annotations

Branches:
Dungeon (10/15)            Temple (0/1) D:5           Sewer (visited)
   Lair: D:8-11         Orc: D:9-12

Altars:
Ashenzari
Cheibriados
Gozag
Hepliaklqana
Kikubaaqudgha
Makhleb
Nemelex Xobeh
Ru
Vehumet
Wu Jian
Zin

Shops:
D:4 :*


Message History

The vampire mosquito draws strength from your injuries!
You block the vampire mosquito's attack.
You feel better.
You block the vampire mosquito's attack.
The vampire mosquito bites you but does no damage.
Okay, then.
Unknown command.
Throw: 5 javelins
Press: ? - help, Q - select action, (/) - cycle Shift-Dir - straight line, f - vampire mosquito
Aim: a vampire mosquito (moderately damaged, 52% to hit)
You throw a javelin.
The javelin hits the vampire mosquito and shatters for extra damage!
The vampire mosquito is severely damaged.
The vampire mosquito barely misses you.
The vampire mosquito bites you but does no damage.
The vampire mosquito barely misses you.
Throw: 4 javelins
Press: ? - help, Q - select action, (/) - cycle Shift-Dir - straight line, f/p - vampire mosquito
Aim: a vampire mosquito (severely damaged, 52% to hit)
You throw a javelin.
The javelin pierces through the vampire mosquito!
You destroy the vampire mosquito!
Makhleb accepts your kill.
The javelin pierces through the troll.
The troll is almost dead.
The javelin pierces through the vampire mosquito.
The vampire mosquito is lightly damaged.
You hear a splash.
You block the troll's attack. x2; The troll closely misses you.
Throw: 3 javelins
Press: ? - help, Q - select action, (/) - cycle Shift-Dir - straight line, f - troll
Aim: a troll (severely wounded, lightly drained, 67% to hit)
You throw a javelin. The javelin pierces through the troll!
The troll is almost dead.
The javelin closely misses the vampire mosquito.
You hear a splash.
You block the troll's attack. The troll claws you.
* * * LOW HITPOINT WARNING * * *
The troll claws you!
You die...

##########
##.........
##..######## #
#..~##
#.#######.~≈≈##
#..@Ty...[(~≈≈#
######...~≈≈≈≈≈#
#.[..#~≈≈≈≈≈≈#
#.y#.##~≈≈≈≈##
#..~.###≈≈≈##
#...≈.# ##≈##
....~...~ ##
...~~.~~~
..........


You could see a troll (drained) and a vampire mosquito.

Vanquished Creatures
  A two-headed ogre (D:9)
  Pikel (D:9)
  6 gargoyles (D:7)
  An unseen horror (D:10)
  3 trolls (D:9)
  Grinder (D:6)
  A wraith (D:10)
  6 yaks (D:9)
  2 vampire mosquitoes (D:10)
  Menkaure (D:4)
  2 water moccasins
  Duvessa (D:5)
  An acid dragon (D:10)
  3 orc warriors (D:9)
  4 black bears
  3 ogres
  2 centaurs
  A phantom (D:5)
  9 kobold brigands (Sewer)
  3 bullfrogs
  A scorpion (D:6)
  7 wights
  Dowan (D:5)
  20 killer bees
  An electric eel (D:10)
  A howler monkey (D:9)
  2 hounds (D:5)
  3 jellies
  4 orc priests
  3 iguanas
  Jessica (D:2)
  Natasha (thrice) (D:3)
  8 orc wizards
  11 adders
  4 river rats
  A shadow imp (D:8)
  2 white imps
  3 worms
  A dart slug (D:8)
  30 orcs
  12 endoplasms
  A giant cockroach (D:2)
  6 goblins
  7 hobgoblins
  3 jackals (D:5)
  4 quokkas
  7 ball pythons
  4 bats
  5 frilled lizards
  12 kobolds
  11 rats
231 creatures vanquished.

Vanquished Creatures (collateral kills)
  2 orcs (D:9)
2 creatures vanquished.

Vanquished Creatures (others)
  An orc (D:9)
1 creature vanquished.

Grand Total: 234 creatures vanquished

Notes
Turn   | Place    | Note
-------+----------+-------------------------------------------
     0 | D:1      | rabbitsville the Hill Orc Fighter began the quest for the
                  | Orb.
     0 | D:1      | Reached XP level 1. HP: 19/19 MP: 1/1
   155 | D:1      | Reached XP level 2. HP: 27/27 MP: 2/2
   191 | D:1      | Reached skill level 4 in Fighting
   706 | D:2      | Reached XP level 3. HP: 25/33 MP: 3/3
   820 | D:2      | Found a burning altar of Makhleb.
   822 | D:2      | Noticed Jessica
   835 | D:2      | Killed Jessica
   841 | D:2      | Became a worshipper of Makhleb the Destroyer
   939 | D:2      | Reached XP level 4. HP: 41/41 MP: 4/4
  1126 | D:2      | Identified the +9 spear of Eternity {heavy, rC- Str+6}
  1565 | D:3      | Found an opulent altar of Gozag.
  1831 | D:3      | Found a glowing drain.
  1837 | Sewer    | Entered a sewer
  1931 | Sewer    | Noticed a kobold brigand
  1984 | Sewer    | HP: 2/41 [kobold brigand/+0 short sword (3)]
  1988 | Sewer    | Killed a kobold brigand
  1989 | Sewer    | Reached skill level 5 in Fighting
  1989 | Sewer    | Reached XP level 5. HP: 15/48 MP: 5/5
  2140 | Sewer    | Noticed a kobold brigand
  2155 | Sewer    | Killed a kobold brigand
  2156 | Sewer    | Reached XP level 6. HP: 20/56 MP: 6/6
  2366 | Sewer    | Reached skill level 5 in Shields
  2501 | Sewer    | Reached skill level 6 in Fighting
  2566 | Sewer    | Reached XP level 7. HP: 52/63 MP: 7/7
  2699 | Sewer    | Reached skill level 5 in Maces & Flails
  2790 | Sewer    | Reached * piety under Makhleb
  3340 | D:3      | Found a hazy altar of Hepliaklqana.
  3508 | D:3      | Noticed Natasha
  3514 | D:3      | Killed Natasha
  3515 | D:3      | Reached skill level 7 in Fighting
  3789 | D:3      | Noticed Natasha
  3796 | D:3      | Killed Natasha
  3917 | D:3      | Noticed Natasha
  3956 | D:3      | Killed Natasha
  3957 | D:3      | Reached XP level 8. HP: 27/73 MP: 8/8
  4166 | D:4      | Found a radiant altar of Vehumet.
  4166 | D:4      | Found a sacrificial altar of Ru.
  4224 | D:4      | Noticed Menkaure
  4432 | D:4      | Killed Menkaure
  4497 | D:4      | Found Ajejed's Book Boutique.
  4518 | D:4      | Found the +5 robe of Misfortune {Harm *Corrode *Slow EV+5}
  4581 | D:4      | Found Cinwaor's Assorted Antiques.
  5112 | D:5      | Entered Level 5 of the Dungeon
  5210 | D:5      | Reached skill level 8 in Fighting
  5561 | D:5      | Reached ** piety under Makhleb
  5715 | D:5      | Identified the +0 helmet of the Rose {MP+9 Dex+3 Slay+3}
  5812 | D:5      | Found a staircase to the Ecumenical Temple.
  5851 | D:5      | Reached XP level 9. HP: 82/82 MP: 9/9
  6212 | D:5      | Noticed Dowan
  6270 | D:5      | Noticed Duvessa
  6271 | D:5      | Found a sparkling altar of Nemelex Xobeh.
  6275 | D:5      | Killed Duvessa
  6291 | D:5      | Killed Dowan
  6720 | D:6      | Reached skill level 9 in Fighting
  6769 | D:6      | Identified the +9 morningstar "Ilusyloh" {spect, Contam
                  | rElec rPois}
  6813 | D:6      | Noticed Grinder
  6819 | D:6      | Killed Grinder
  6882 | D:6      | Found an ornate altar of the Wu Jian Council.
  6935 | D:6      | Reached skill level 1 in Invocations
  6993 | D:6      | Found a glowing silver altar of Zin.
  7530 | D:7      | Reached skill level 5 in Invocations
  7656 | D:7      | Noticed a gargoyle
  7658 | D:7      | Killed a gargoyle
  7659 | D:7      | Reached skill level 10 in Fighting
  7659 | D:7      | Reached XP level 10. HP: 93/93 MP: 14/14
  7665 | D:7      | Noticed a gargoyle
  7668 | D:7      | Killed a gargoyle
  7679 | D:7      | Noticed a gargoyle
  7683 | D:7      | Killed a gargoyle
  7688 | D:7      | Noticed a gargoyle
  7689 | D:7      | Killed a gargoyle
  7692 | D:7      | Noticed a gargoyle
  7696 | D:7      | Killed a gargoyle
  7758 | D:7      | Noticed a gargoyle
  7759 | D:7      | Killed a gargoyle
  8186 | D:8      | Found a snail-covered altar of Cheibriados.
  8193 | D:8      | Reached *** piety under Makhleb
  8194 | D:8      | Reached skill level 11 in Fighting
  8773 | D:9      | Noticed a two-headed ogre
  8791 | D:9      | Killed a two-headed ogre
  8792 | D:9      | Reached skill level 10 in Maces & Flails
  8792 | D:9      | Reached skill level 10 in Invocations
  8931 | D:9      | Reached XP level 11. HP: 102/102 MP: 18/18
  9047 | D:9      | Found an ancient bone altar of Kikubaaqudgha.
  9366 | D:9      | Reached **** piety under Makhleb
  9574 | D:9      | Noticed Pikel
  9587 | D:9      | Killed Pikel
  9776 | D:10     | Entered Level 10 of the Dungeon
  9820 | D:10     | Identified the +7 war axe "Xoce" {flame, Drain rCorr MP+9
                  | SInv}
  9858 | D:10     | Reached skill level 12 in Fighting
  9945 | D:10     | Found a broken altar of Ashenzari.
 10128 | D:10     | HP: 1/104 [vampire mosquito (6)]
 10132 | D:10     | Slain by a troll

Illustrated notes

Levels and vault maps discovered:
D:1:      minmay_arrival_checkered_box, layout_basic
D:2:      layout_basic, basic_altar, uniq_jessica
D:3:      layout_loops_corners, nicolae_gozag_cash_rules_everything_around_me,
          general_overflow_altar, portal_sewer_entry_e, uniq_natasha
D:4:      layout_loops_cross, nicolae_overflow_hidden_temple, serial_shops,
          kennysheep_mini_moat, nicolae_stop_n_shop_2, uniq_menkaure
D:5:      layout_basic, nemelex_diamond_rough_becter,
          minmay_temple_entry_slanted, serial_bayou_ford_a, uniq_duvessa
D:6:      layout_cave_pools, mainiacjoe_overflow_cross_hatched,
          kennysheep_little_box, uniq_grinder
D:7:      cheibrodos_statue_roulette, layout_cave_pools, grunt_ogre_cave
D:8:      layout_loops_ring, kennysheep_slug_shrine,
          chequers_serial_rivers_small_3, st_stairs_13
D:9:      layout_stronghold, nicolae_kikubaaqudgha_miasma_corner, uniq_pikel
D:10:     layout_basic, evilmike_ruin_ashenzari, trog_three_pillars_becter,
          uniq_erica, uniq_psyche, uniq_nergalle

Skill      XL: |  1  2  3  4  5  6  7  8  9 10 11 |
---------------+----------------------------------+-----
Fighting       | 4 5 6 7 8 10 11 12 | 12.1
Maces & Flails | 3 4 5 7 8 10 | 10.7
Shields        | 4 5 6 7 8 |  8.3
Invocations    | 6 10 11 | 11.9
Armour         | |  3.2

Action                     |  1- 3 |  4- 6 |  7- 9 | 10-12 || total
---------------------------+-------+-------+-------+-------++-------
  Melee: Flail             |    89 |   196 |   415 |       ||   700
         Morningstar       |       |       |    31 |   135 ||   166
  Throw: Javelin           |       |     4 |     4 |     3 ||    11
 Invoke: Minor Destruction |       |       |       |    25 ||    25
         Lesser Servant of |       |       |       |     2 ||     2
         Major Destruction |       |       |       |     2 ||     2
    Use: Potion            |       |     3 |     3 |     2 ||     8
         Scroll            |       |     2 |       |       ||     2
   Stab: Distracted        |       |       |       |     2 ||     2
 Armour: Scale mail        |    49 |    72 |   191 |    55 ||   367
  Dodge: Dodged            |    36 |    62 |   166 |    55 ||   319
  Block: Buckler           |    22 |    52 |   113 |       ||   187
         Kite shield       |       |       |    10 |    90 ||   100

Table legend: (Time is in decaauts)
 A = Elapsed time spent in this place.
 B = Non-inter-level travel time spent in this place.
 C = Inter-level travel time spent in this place.
 D = Time resting spent in this place.
 E = Time spent auto-exploring this place.
 F = Levels seen in this place.
 G = Mean time per level.
                   A        B        C        D        E       F      G
               +--------+--------+--------+--------+--------+-----+--------+
         Total |  10553 |  10295 |    258 |   1236 |   5974 |  11 |  959.4 |
       Dungeon |   8843 |   8585 |    258 |    828 |   5485 |  10 |  884.3 |
         Sewer |   1710 |   1710 |      0 |    408 |    489 |   1 | 1710.0 |
               +--------+--------+--------+--------+--------+-----+--------+

Top non-repeatable levels by time:
   Sewer: 1710 daAuts
     D:5: 1600 daAuts
     D:3: 1346 daAuts
     D:9: 1055 daAuts
     D:8: 905 daAuts
     D:2: 881 daAuts
     D:4: 854 daAuts
     D:1: 707 daAuts
     D:6: 588 daAuts
     D:7: 572 daAuts
    D:10: 331 daAuts
